 Dungeon Crawl Stone Soup version 0.26.1-15-g04117e645d (webtiles) character file.

Game seed: 15204280202770864351

9984 tkbsonic5 the Cleaver (level 11, -1/97 HPs)
             Began as a Hill Orc Fighter on Dec 1, 2022.
             Was a Follower of Uskayaw.
             Slain by a nine-headed hydra (8 damage)
             ... on level 2 of the Lair of Beasts on Dec 2, 2022.
             The game lasted 00:43:26 (10465 turns).

tkbsonic5 the Cleaver (Hill Orc Fighter)           Turns: 10465, Time: 00:43:26

Health: -1/97      AC: 22    Str: 23    XL:     11   Next: 55%
Magic:  6/18       EV:  7    Int:  8    God:    Uskayaw [*.....]
Gold:   363        SH: 17    Dex: 12    Spells: 10/10 levels left

rFire    + . .     SeeInvis .   a - +2 war axe (protect)
rCold    . . .     Faith    .   e - +1 tower shield
rNeg     . . .     Spirit   .   d - +5 scale mail {rF+}
rPois    .         Reflect  .   p - +0 helmet
rElec    .         Harm     .   (no cloak)
rCorr    .         Rampage  .   (no gloves)
Will     +....                  N - +0 pair of boots
Stlth    ..........             (no amulet)
HPRegen  0.26/turn              w - ring of flight
MPRegen  0.16/turn              I - ring of willpower

@: brilliant, protection aura
A: agile 1
a: Renounce Religion, Evoke Flight, Stomp


You were on level 2 of the Lair of Beasts.
You worshipped Uskayaw.
Uskayaw was aware of your devotion.
You visited 2 branches of the dungeon, and saw 10 of its levels.

You collected 675 gold pieces.
You spent 312 gold pieces at shops.

Inventory:

Hand Weapons
 a - a +2 war axe of protection (weapon)
 g - the +2 great mace of Wostaiwn {drain, Will+}
   (You found it on level 1 of the Lair of Beasts)

   A truly terrible weapon, it drains the life of those it strikes.
   It affects your willpower, your defense against some magical effects.
 h - a cursed -2 falchion
 B - a +1 flail of holy wrath
Missiles
 k - 8 curare-tipped darts
 n - 5 javelins
 r - 10 poisoned darts
 C - 13 boomerangs
Armour
 b - a +0 scale mail
 c - a +0 kite shield
 d - a +5 scale mail of fire resistance (worn)
 e - a +1 tower shield (worn)
 p - a +0 helmet (worn)
 N - a +0 pair of boots (worn)
 O - a +2 kite shield
Jewellery
 j - an uncursed ring of magical power
 l - an uncursed ring of ice
 o - an uncursed ring of ice
 w - a ring of flight (left hand)
 y - an uncursed ring of ice
 A - an uncursed ring of protection from cold
 I - a ring of willpower (right hand)
Wands
 E - a wand of flame (16) (quivered)
Scrolls
 f - 3 scrolls of blinking
 m - 3 scrolls of teleportation
 u - a scroll of enchant weapon
 v - 4 scrolls of remove curse
 z - a scroll of magic mapping
Potions
 i - 3 potions of cancellation
 q - 4 potions of curing
 s - a potion of flight
 t - a potion of lignification {unknown}
 L - a potion of attraction {unknown}
 P - a potion of brilliance


   Skills:
 * Level 9.1 Fighting
 * Level 11.4 Axes
 + Level 5.0 Throwing
 + Level 7.5 Armour
 * Level 1.7 Dodging
 + Level 7.7 Shields
 + Level 9.3 Invocations
 + Level 5.1 Evocations


You had 10 spell levels left.
You didn't know any spells.
Your spell library contained the following spells:

 Spells                   Type           Power        Failure   Level
 Shock                    Conj/Air       0%           100%        1
 Swiftness                Air            0%           100%        2
 Static Discharge         Conj/Air       0%           100%        3
 Airstrike                Air            0%           100%        4
 Lightning Bolt           Conj/Air       0%           100%        5


Dungeon Overview and Level Annotations

Branches:
Dungeon (8/15)             Temple (0/1) D:7            Lair (2/6) D:8
  Swamp: Lair:2-4    Shoals: Lair:2-4     Snake: Lair:2-4    Spider: Lair:2-4

Altars:
Fedhas
Kikubaaqudgha
Okawaru
Trog
Uskayaw
Xom
The Shining One

Shops:
D:5 }

Annotations:
D:5 2 transporters, CoveEight's ghost, amateur MiFi


Innate Abilities, Weirdness & Mutations

You are agile. (Dex +2)


Message History

* * * LOW HITPOINT WARNING * * *
The nine-headed hydra bites you!
* * * LOW HITPOINT WARNING * * *
You block the nine-headed hydra's attack. x2
The nine-headed hydra bites you but does no damage. x2
You block the nine-headed hydra's attack. x2
The nine-headed hydra completely misses you.
The nine-headed hydra bites you but does no damage.
It was a potion of brilliance.
You feel clever all of a sudden.
You block the nine-headed hydra's attack.
The nine-headed hydra barely misses you.
The nine-headed hydra bites you!
* * * LOW HITPOINT WARNING * * *
You block the nine-headed hydra's attack.
The nine-headed hydra bites you but does no damage.
The nine-headed hydra bites you.
* * * LOW HITPOINT WARNING * * *
The nine-headed hydra bites you!
You die...

#..P .#
#.................###.
#!....................
#...............##....
#.....>.........##....
#................#..).
#..?............##..##
##...............#.#.P.
#.....@................
#......D...............
#!.####.#.####...#######
# ##### #####


You could see a nine-headed hydra.

Vanquished Creatures
  A hydra (Lair:2)
  Fannar (Lair:1)
  Urug (Lair:2)
  Sonja (Lair:1)
  Pikel (D:4)
  A black mamba (Lair:1)
  A cane toad (Lair:2)
  A komodo dragon (Lair:1)
  A polar bear (Lair:2)
  3 blink frogs (Lair:1)
  12 yaks
  2 water moccasins
  2 black bears
  An orc warrior (D:8)
  A phantom (D:6)
  6 ogres
  3 wolves (Lair:2)
  A centaur (D:7)
  A lemure (D:4)
  A big kobold (D:8)
  Blork the orc (D:5)
  10 bullfrogs
  2 scorpions (D:8)
  A water moccasin skeleton (D:5)
  A hound (D:4)
  2 jellies
  5 orc wizards
  2 bullfrog skeletons
  A gnoll shaman (D:7)
  3 orc priests
  2 centaur skeletons
  3 iguanas
  Jessica (D:2)
  5 worker ants
  A hound skeleton (D:8)
  11 gnolls
  19 adders
  A shadow imp (D:8)
  2 white imps
  4 ufetubi
  2 oozes
  An adder skeleton (D:8)
  3 worms
  A dart slug (D:2)
  10 leopard geckos
  19 orcs
  A ball python (D:6)
  8 giant cockroaches
  5 goblins
  12 hobgoblins
  9 jackals
  11 kobolds
  5 quokkas
  6 bats
  6 frilled lizards
  5 rats
223 creatures vanquished.

Vanquished Creatures (others)
  A wizard (D:5)
  14 fungi
  23 plants
38 creatures vanquished.

Grand Total: 261 creatures vanquished

Notes
Turn   | Place    | Note
-------+----------+-------------------------------------------
     0 | D:1      | tkbsonic5 the Hill Orc Fighter began the quest for the Orb.
     0 | D:1      | Reached XP level 1. HP: 19/19 MP: 1/1
   106 | D:1      | Reached skill level 3 in Axes
   159 | D:1      | Reached XP level 2. HP: 26/27 MP: 2/2
   644 | D:2      | Reached XP level 3. HP: 30/33 MP: 3/3
  1202 | D:2      | Reached XP level 4. HP: 41/41 MP: 4/4
  1778 | D:2      | Reached skill level 4 in Axes
  2014 | D:2      | Found an iron altar of Okawaru.
  2017 | D:2      | Found an ancient bone altar of Kikubaaqudgha.
  2072 | D:2      | Noticed Jessica
  2089 | D:2      | Killed Jessica
  2090 | D:2      | Reached XP level 5. HP: 19/47 MP: 5/5
  2559 | D:3      | Reached skill level 5 in Fighting
  3064 | D:3      | Found a shimmering altar of Xom.
  3345 | D:4      | Reached skill level 5 in Axes
  3460 | D:4      | Found a glowing drain.
  3483 | D:4      | Reached XP level 6. HP: 47/56 MP: 6/6
  3642 | D:4      | Reached skill level 1 in Throwing
  4138 | D:4      | Reached XP level 7. HP: 63/63 MP: 7/7
  4158 | D:4      | Reached skill level 6 in Axes
  4158 | D:4      | Reached skill level 5 in Shields
  4503 | D:4      | Found a hide-covered altar of Uskayaw.
  4690 | D:4      | Became a worshipper of Uskayaw the Reveller
  4710 | D:5      | Entered Level 5 of the Dungeon
  4710 | D:5      | Found Fevuowk's Gadget Shop.
  4723 | D:4      | Gained mutation: Your flesh is cold resistant. (rC+)
                  | [potion of mutation]
  4723 | D:4      | Lost mutation: Your flesh is cold resistant. (rC+) [potion
                  | of mutation]
  4723 | D:4      | Gained mutation: You are agile. (Dex +2) [potion of
                  | mutation]
  4734 | D:5      | Bought a wand of paralysis (7) for 117 gold pieces
  4734 | D:5      | Bought a wand of disintegration (11) for 195 gold pieces
  4739 | D:5      | Reached * piety under Uskayaw
  4765 | D:5      | Noticed Pikel
  4821 | D:5      | Reached ** piety under Uskayaw
  4822 | D:5      | Reached *** piety under Uskayaw
  4825 | D:5      | Reached skill level 1 in Invocations
  4983 | D:4      | Killed Pikel
  4984 | D:4      | Reached skill level 7 in Axes
  4984 | D:4      | Reached skill level 5 in Armour
  4984 | D:4      | Reached skill level 1 in Evocations
  4984 | D:4      | Reached XP level 8. HP: 64/71 MP: 10/10
  5122 | D:5      | Noticed a hornet
  5123 | D:5      | Noticed CoveEight's ghost (amateur MiFi)
  5148 | D:5      | Found a transporter.
  5152 | D:5      | Found a transporter.
  5213 | D:5      | Found a bloodstained altar of Trog.
  5213 | D:5      | Noticed Blork the orc
  5214 | D:5      | Noticed a wizard
  5218 | D:5      | Killed Blork the orc
  5219 | D:5      | Killed a wizard
  5699 | D:6      | Found a blossoming altar of Fedhas.
  6144 | D:6      | Reached XP level 9. HP: 77/78 MP: 12/12
  6431 | D:7      | Found a staircase to the Ecumenical Temple.
  6454 | D:7      | Reached skill level 8 in Axes
  6461 | D:7      | Reached **** piety under Uskayaw
  6465 | D:7      | Reached skill level 5 in Invocations
  7393 | D:8      | Reached skill level 9 in Axes
  7471 | D:8      | Found a glowing golden altar of the Shining One.
  7884 | D:8      | Found a staircase to the Lair.
  7900 | D:8      | Reached XP level 10. HP: 75/86 MP: 14/14
  8133 | Lair:1   | Entered Level 1 of the Lair of Beasts
  8252 | Lair:1   | Noticed Fannar
  8325 | Lair:1   | Reached skill level 10 in Axes
  8389 | Lair:1   | Got a twisted great mace
  8391 | Lair:1   | Identified the +2 great mace of Wostaiwn {drain, Will+}
                  | (You found it on level 1 of the Lair of Beasts)
  8399 | Lair:1   | Noticed a black mamba
  8415 | Lair:1   | Killed a black mamba
  8593 | Lair:1   | Noticed Sonja
  8602 | Lair:1   | Killed Sonja
  8684 | Lair:1   | Killed Fannar
  8685 | Lair:1   | Reached XP level 11. HP: 69/95 MP: 17/17
  9102 | Lair:1   | Reached skill level 11 in Axes
  9625 | Lair:2   | Reached ***** piety under Uskayaw
  9850 | Lair:2   | Noticed a six-headed hydra
  9862 | Lair:2   | Noticed Urug
  9869 | Lair:2   | Killed an eight-headed hydra
  9870 | Lair:2   | Reached skill level 1 in Dodging
  9870 | Lair:2   | Reached skill level 5 in Evocations
 10106 | Lair:2   | Killed Urug
 10351 | Lair:2   | Reached skill level 5 in Throwing
 10449 | Lair:2   | Noticed a five-headed hydra
 10465 | Lair:2   | Slain by a nine-headed hydra

Illustrated notes

Levels and vault maps discovered:
D:1:      moated_graveyard_arrival, layout_rooms, minmay_misc_feat_hallway
D:2:      layout_loops_corners, nicolae_overflow_hidden_temple,
          uniq_crazy_yiuf_cottage, uniq_jessica
D:3:      layout_rooms, lemuel_crystal_altar
D:4:      layout_gridville, eat_drink_and_be_merry_uskayaw,
          gup_sewer_entry_glass, hangedman_decor_lopped, minmay_close_crescents
D:5:      layout_cave_pools, serial_shops, nicolae_shop_statue_plus,
          gammafunk_ghost_hive, trog_wizard, uniq_pikel, uniq_blork_the_orc
D:6:      layout_basic, lemuel_doored_altar
D:7:      layout_basic, minmay_temple_entry_ruins, amcnicky_mini_pool_medium
D:8:      layout_loops_cross, grunt_lair_entry_orc_guard_hut, tso_metal_star
Lair:1:   layout_chaotic_city, minmay_holes, grunt_megastairs_5,
          lemuel_fruit_tree, uniq_sonja, uniq_fannar
Lair:2:   gammafunk_boulding_lane, layout_regular_city, serial_rivers,
          chequers_serial_rivers_micro_b, chequers_serial_rivers_micro_b,
          chequers_serial_rivers_small_3, chequers_serial_rivers_large_b,
          chequers_serial_rivers_micro_a, chequers_serial_rivers_micro_a,
          uniq_urug

Skill      XL: |  1  2  3  4  5  6  7  8  9 10 11 |
---------------+----------------------------------+-----
Axes           | 3 4 5 7 9 10 11 | 11.4
Fighting       | 4 5 6 7 8 9 |  9.1
Armour         | 4 5 6 7 |  7.5
Shields        | 4 5 6 7 |  7.7
Throwing       | 1 2 3 4 5 |  5.0
Invocations    | 3 4 6 8 9 |  9.3
Evocations     | 1 2 3 4 5 |  5.1
Dodging        | 1 |  1.7

Action                   |  1- 3 |  4- 6 |  7- 9 | 10-12 || total
-------------------------+-------+-------+-------+-------++-------
Melee: War axe           |    80 |   208 |   284 |   149 ||   721
Throw: Throwing net      |     2 |     2 |       |     4 ||     8
       Dart              |       |    21 |    27 |    15 ||    63
Invok: Stomp             |       |       |     9 |     9 ||    18
       Line Pass         |       |       |     3 |     1 ||     4
 Abil: Evoke Flight      |       |       |       |     1 ||     1
Evoke: Wand              |       |       |     3 |    52 ||    55
  Use: Scroll            |     5 |    11 |     7 |    12 ||    35
       Potion            |       |     3 |     2 |    10 ||    15
 Stab: Confused          |       |       |     2 |       ||     2
       Paralysed         |       |       |    11 |    13 ||    24
       Held in net/web   |       |       |       |     1 ||     1
Armor: Scale mail        |    58 |   103 |    96 |    80 ||   337
Dodge: Dodged            |    24 |    57 |    42 |    28 ||   151
Block: Kite shield       |    36 |    50 |       |       ||    86
       Tower shield      |       |   113 |   254 |   130 ||   497
